 Dungeon Crawl Stone Soup version 0.16.1-51-g6203257 (webtiles) character file.

3209 Miyamura the Covert (level 9, -4/69 HPs)
             Began as a Vampire Assassin on July 9, 2015.
             Was a Believer of Dithmenos.
             Slain by a spriggan baker
             ... wielding a +0 dagger
              (15 damage)
             ... on level 8 of the Dungeon.
             The game lasted 00:47:20 (14033 turns).

Miyamura the Covert (Vampire Assassin)             Turns: 14033, Time: 00:47:20

Health: -4/69      AC:  4    Str: 15    XL:     9   Next: 65%
Magic:  19/19      EV: 16    Int: 16    God:    Dithmenos [**....]
Gold:   580        SH:  0    Dex: 15    Spells: 3 memorised, 7 levels left

rFire  . . .     SeeInvis +     A - +1 dagger (freeze)
rCold  + . .     Clarity  .     c - +0 robe
rNeg   + . .     SustAb   .     (no shield)
rPois  .         Gourm    .     (no helmet)
rElec  .         Spirit   .     d - +1 cloak
rCorr  .         Warding  .     (no gloves)
rMut   .         Stasis   .     (no boots)
MR     +....                    (no amulet)
Stlth  ++++++....               h - ring of protection from cold
                                w - ring of protection from magic

@: mighty, flying, wreathed by umbra, somewhat resistant to hostile
enchantments, very stealthy
A: bottle blood, fangs 3, see invisible, unbreathing
a: Bat Form, Shadow Step, Renounce Religion


You were on level 8 of the Dungeon.
You worshipped Dithmenos.
Dithmenos was pleased with you.
You were not thirsty.

You visited 2 branches of the dungeon, and saw 10 of its levels.

You collected 580 gold pieces.

Inventory:

Hand weapons
 a - a +0 blowgun
 A - a +1 dagger of freezing (weapon)
Missiles
 e - 12 poisoned needles
Armour
 c - a +0 robe (worn)
 d - a +1 cloak (worn)
Jewellery
 h - a ring of protection from cold (right hand)
 l - an uncursed ring of teleport control
 w - a ring of protection from magic (left hand)
Magical devices
 b - a wand of paralysis (6)
Scrolls
 j - 3 scrolls of remove curse
 m - 3 scrolls of enchant armour
 s - a scroll of teleportation
 t - 3 scrolls of identify
Potions
 g - 9 potions of blood
 i - a potion of ambrosia
 k - a potion of restore abilities
 o - 2 potions of brilliance
 r - a potion of curing
 v - 2 potions of degeneration {unknown}
 z - 2 potions of magic
Books
 u - a book of Death

   Spells                             Type                      Level
   a - Corpse Rot                     Necromancy                   2
   b - Sublimation of Blood           Necromancy                   2
   c - Agony                          Necromancy                   5
   d - Dispel Undead                  Necromancy                   5
   e - Excruciating Wounds            Charms/Necromancy            5
   f - Bolt of Draining               Conjuration/Necromancy       5
 x - a book of Debilitation

   Spells                             Type                      Level
   a - Corona                         Hexes                        1
   b - Slow                           Hexes                        2
   c - Inner Flame                    Hexes/Fire                   3
   d - Enslavement                    Hexes                        4
   e - Cause Fear                     Hexes                        4
   f - Leda's Liquefaction            Hexes/Earth                  4


   Skills:
 + Level 5.8 Fighting
 + Level 6.8 Short Blades
 - Level 1.5 Throwing
 + Level 6.5 Dodging
 - Level 9.2 Stealth
 - Level 4.1 Spellcasting
 + Level 5.9 Hexes
 + Level 4.1 Necromancy


You had 7 spell levels left.
You knew the following spells:

 Your Spells              Type           Power        Failure   Level  Hunger
a - Slow                  Hex            ###.....     2%          2    ##.....
b - Sublimation of Blood  Necr           ###.......   6%          2    ##.....
c - Agony                 Necr           ###.....     85%         5    ######.


Dungeon Overview and Level Annotations

Branches:
Dungeon (9/15)             Temple (1/1) D:5             Orc (0/4) D:9
   Lair: D:8-11

Altars:
Cheibriados
Dithmenos
Elyvilon
Fedhas
Gozag
Kikubaaqudgha
Makhleb
Nemelex Xobeh
Okawaru
Qazlal
Ru
Sif Muna
Trog
Vehumet
Xom
Yredelemnul
Zin
The Shining One

Shops:
D:9 [

Annotations:
D:5 heinrich's ghost, experienced TrMo


Innate Abilities, Weirdness & Mutations

You can bottle blood from corpses.
You have razor-sharp teeth.
You have supernaturally acute eyesight.
You can survive without breathing.


Message History

The spriggan baker barely misses you.
Drink which item? (? for menu, Esc to quit)
It was a potion of cure mutation.
It has a very clean taste.
The spriggan baker hits you with a dagger!
* * * LOW HITPOINT WARNING * * *
Drink which item? (? for menu, Esc to quit)
It was a potion of flight.
You feel very buoyant.
You fly up into the air.
The spriggan baker hits you with a dagger!
* * * LOW HITPOINT WARNING * * *
Drink which item? (? for menu, Esc to quit)
It was a potion of might.
You feel very mighty all of a sudden.
The spriggan baker hits you with a dagger.
* * * LOW HITPOINT WARNING * * *
Drink which item? (? for menu, Esc to quit)
You feel better.
The spriggan baker hits you with a dagger!
You die...

############.# ######
#####.##############
#........<........<.
#########.###########.######
#.........###########.###
#.#########.............#
#.# #.#########.#.# #.# #.#
#.#.# #.# #@# #.#.# #.# #i#
#.#.# #.# #.# ####.#.# #.#
#######.######....#.#
#.###...........##.####.####
######.##..#####.###.##.#
#..... .................#
#.##.# ######
######.....####### #.##.#
####..# #.##.#


You could see a spriggan baker.

Vanquished Creatures
  A hippogriff (D:8)
  A water moccasin (D:7)
  3 sky beasts
  2 centaurs
  6 ogres
  A giant frog (D:7)
  A water moccasin zombie (D:6)
  3 scorpions
  7 wights (D:8)
  3 jellies
  7 killer bees
  2 goliath beetles
  A giant frog zombie (D:6)
  5 orc wizards
  2 orc priests
  2 giant frog skeletons
  4 crimson imps
  4 hounds
  3 iguanas
  7 worker ants
  A hound skeleton (D:7)
  Robin (D:2)
  5 adders
  A giant mite (D:1)
  A worm (D:5)
  3 adder skeletons
  2 giant geckos
  21 orcs
  A bat skeleton (D:4)
  A bat zombie (D:6)
  3 giant cockroaches
  18 goblins
  13 hobgoblins
  16 kobolds
  An ooze (D:4)
  3 quokkas
  14 bats
  4 giant newts (D:1)
  8 jackals
  2 jackal skeletons
  12 rats
  A spectral orc (D:7)
197 creatures vanquished.

Vanquished Creatures (others)
  A giant spore (D:9)
  2 ballistomycetes (D:9)
3 creatures vanquished.

Grand Total: 200 creatures vanquished

Notes
Turn   | Place    | Note
--------------------------------------------------------------
     0 | D:1      | Miyamura, the Vampire Assassin, began the quest for the Orb.
     0 | D:1      | Reached XP level 1. HP: 16/16 MP: 1/1
    37 | D:1      | Reached skill level 6 in Stealth
    37 | D:1      | Reached XP level 2. HP: 22/22 MP: 2/2
  2798 | D:1      | Reached XP level 3. HP: 27/27 MP: 3/3
  2888 | D:1      | Reached skill level 1 in Spellcasting
  3242 | D:2      | Noticed Robin
  3273 | D:2      | Killed Robin
  3972 | D:3      | Reached XP level 4. HP: 27/34 MP: 6/6
  4360 | D:4      | Found an iron altar of Okawaru.
  4639 | D:4      | Found a blossoming altar of Fedhas.
  4701 | D:4      | Reached XP level 5. HP: 11/39 MP: 7/9
  4918 | D:4      | Found a bloodstained altar of Trog.
  5017 | D:4      | Found an ancient bone altar of Kikubaaqudgha.
  5120 | D:4      | Learned a level 2 spell: Sublimation of Blood
  5231 | D:4      | Found a burning altar of Makhleb.
  5283 | D:4      | Reached skill level 7 in Stealth
  5529 | D:4      | Found a shadowy altar of Dithmenos.
  5632 | D:4      | Became a worshipper of Dithmenos the Shadowed
  5979 | D:5      | Entered Level 5 of the Dungeon
  5979 | D:5      | Found a deep blue altar of Sif Muna.
  5979 | D:5      | Noticed heinrich's ghost (experienced TrMo)
  6135 | D:5      | Reached XP level 6. HP: 45/47 MP: 11/11
  6224 | D:5      | Found a staircase to the Ecumenical Temple.
  6251 | Temple   | Entered the Ecumenical Temple
  6597 | D:5      | Noticed a phantom
  6851 | D:5      | Noticed an ogre
  6892 | D:5      | Killed an ogre
  7074 | D:5      | Reached XP level 7. HP: 52/52 MP: 12/14
  7287 | D:5      | Got a smelly ring mail
  7298 | D:5      | Identified the cursed +0 ring mail of Fortitude {MR- Str+4 Dex+4} (You found it on level 5 of the Dungeon)
  7576 | D:6      | Reached skill level 8 in Stealth
  8002 | D:6      | Reached XP level 8. HP: 17/60 MP: 17/17
  8197 | D:6      | Acquired Dithmenos' first power
  8197 | D:6      | Reached skill level 5 in Short Blades
  8473 | D:6      | Reached skill level 9 in Stealth
  8799 | D:6      | Learned a level 2 spell: Slow
  8805 | D:6      | Learned a level 5 spell: Agony
  9016 | D:7      | Reached skill level 5 in Dodging
  9016 | D:7      | Reached skill level 1 in Hexes
  9285 | D:7      | Reached skill level 1 in Necromancy
  9500 | D:7      | Found a glowing golden altar of the Shining One.
 10062 | D:7      | Found a basalt altar of Yredelemnul.
 10661 | D:8      | Reached skill level 5 in Fighting
 10661 | D:8      | Reached XP level 9. HP: 47/68 MP: 17/19
 12004 | D:7      | Found a glowing silver altar of Zin.
 12004 | D:7      | Found a radiant altar of Vehumet.
 12484 | D:8      | Reached skill level 5 in Hexes
 13405 | D:9      | Found a staircase to the Orcish Mines.
 13406 | D:9      | Found Klig's Armour Boutique.
 14033 | D:8      | Slain by a spriggan baker

Action                   |  1- 3 |  4- 6 |  7- 9 || total
-------------------------+-------+-------+-------++-------
Melee: Dagger            |   132 |   234 |   761 ||  1127
 Fire: Blowgun           |       |    15 |    15 ||    30
 Cast: Slow              |       |       |    22 ||    22
 Abil: End Transformatio |       |     1 |     3 ||     4
       Bat Form          |       |     1 |     3 ||     4
  Use: Potion            |     6 |    12 |    29 ||    47
       Scroll            |     7 |     2 |    11 ||    20
 Stab: Sleeping          |    17 |     3 |    17 ||    37
       Distracted        |       |       |     4 ||     4
